 Dungeon Crawl Stone Soup version 0.20.1-1-g8b1a95d (webtiles) character file.

25394 Nattfarinn the Fighter (level 13, -2/85 HPs)
             Began as a Gargoyle Berserker on Aug 1, 2017.
             Was a High Priest of Trog.
             Slain by an ice dragon (5 damage)
             ... on level 13 of the Dungeon.
             The game lasted 00:33:18 (15734 turns).

Nattfarinn the Fighter (Gargoyle Berserker)        Turns: 15734, Time: 00:33:18

Health: -2/85      AC: 24    Str: 20    XL:     13   Next: 19%
Magic:  13/13      EV: 12    Int: 14    God:    Trog [*****.]
Gold:   719        SH: 12    Dex: 13    Spells: 12/12 levels left

rFire    . . .     SeeInvis .   E - +6 demon trident (venom)
rCold    . . .     Gourm    +   z - +0 shield
rNeg     + . .     Faith    .   L - +2 scale mail {MR+}
rPois    ∞         Spirit   .   m - +0 helmet
rElec    +         Reflect  .   I - scarf {cloud immunity}
rCorr    .         Harm     .   (no gloves)
MR       +....                  K - +0 pair of boots
Stlth    ..........             U - amulet "Famadoiseud" {Gourm Int+4}
Regen    0.3/turn               n - +1 ring of protection
MPRegen  0.2/turn               H - +2 ring of evasion

@: about to teleport, very slightly contaminated, invisible
A: negative energy resistance 1, electricity resistance, unbreathing,
petrification resistance, rot immunity, AC +9
a: Berserk, Trog's Hand, Brothers in Arms, Burn Spellbooks, Renounce Religion


You were on level 13 of the Dungeon.
You worshipped Trog.
Trog was extremely pleased with you.
You were full.

You visited 1 branch of the dungeon, and saw 13 of its levels.
You also visited: Sewer.

You collected 719 gold pieces.

Inventory:

Hand Weapons
 E - a +6 demon trident of venom (weapon)
Armour
 m - a +0 helmet (worn)
 z - a +0 shield (worn)
 I - a scarf of cloud immunity (worn)
 K - a +0 pair of boots (worn)
 L - a +2 scale mail of magic resistance (worn)
Jewellery
 n - a +1 ring of protection (left hand)
 H - a +2 ring of evasion (right hand)
 O - an uncursed ring of protection from magic {unknown}
 U - the amulet "Famadoiseud" (around neck) {Gourm Int+4}
   (You found it on level 10 of the Dungeon)

   [amulet of the gourmand]

   It allows you to eat raw meat even when not hungry.
   It affects your intelligence (+4).
 V - an uncursed amulet of the gourmand {unknown}
 Z - an uncursed ring of magical power {unknown}
Scrolls
 d - 5 scrolls of remove curse
 e - 3 scrolls of immolation
 f - 2 scrolls of fog
 l - a scroll of teleportation
 o - 2 scrolls of amnesia {unknown}
 p - 12 scrolls of identify {unknown}
 s - a scroll of noise {unknown}
 u - 2 scrolls of fear {unknown}
 v - 2 scrolls of blinking {unknown}
 M - a scroll of enchant armour {unknown}
 N - 2 scrolls of recharging {unknown}
 P - a scroll of magic mapping {unknown}
Potions
 i - 2 potions of magic {unknown}
 k - 4 potions of brilliance {unknown}
 q - 3 potions of ambrosia {unknown}
 r - a potion of berserk rage {unknown}
 x - 5 potions of mutation {unknown}
 A - a potion of cancellation {unknown}
 C - 2 potions of haste
 Q - 2 potions of agility {unknown}
 T - 2 potions of lignification {unknown}
Comestibles
 c - 11 bread rations
 g - 9 meat rations
 t - 24 fruits
 B - 6 royal jellies


   Skills:
 * Level 11.9 Fighting
   Level 10.6 Maces & Flails
 * Level 7.9 Polearms
 + Level 10.6 Armour
 - Level 1.5 Dodging
 + Level 11.2 Shields


You had 12 spell levels left.
You didn't know any spells.

Dungeon Overview and Level Annotations

Branches:
Dungeon (13/15)            Temple (0/1) D:5            Lair (0/6) D:11
    Orc (0/2) D:11
 Vaults: D:13-14

Altars:
Ashenzari
Fedhas
Hepliaklqana
Makhleb
Nemelex Xobeh
Okawaru
Qazlal
Sif Muna
Uskayaw
Vehumet
Xom

Shops:
D:8 }   D:10 :   D:11 *


Innate Abilities, Weirdness & Mutations

You are resistant to torment.
Your stone body is resilient. (AC +9)
You are immune to poison.
You resist negative energy. (rN+)
You are resistant to electric shocks. (rElec)
You can survive without breathing.
You are immune to petrification.
You are immune to rotting.


Message History

Things that are here:
a poisoned needle; a sky beast corpse The ice dragon roars deafeningly!
You block the ice dragon's attack. The ice dragon closely misses you.
The ice dragon tramples you.
You stumble backwards!
The ice dragon breathes frost at you. The blast of cold hits you!
* * * LOW HITPOINT WARNING * * *
You feel better.
You fade into invisibility!
The ice dragon bites you but does no damage.
The ice dragon claws you but does no damage.
The ice dragon tramples you!
* * * LOW HITPOINT WARNING * * *
You stumble backwards!
You are very lightly contaminated with residual magic.
As you read the scroll of teleportation, it crumbles to dust.
You feel strangely unstable. The ice dragon barely misses you.
The ice dragon claws you.
You die...

.................##)#
.....#.....####..##.#
.....#.....####..##.#
..........))(....##.##
##..##..#..####......#
........#..####.....##
.................#..#
##..##.#########.#..#
##..##..# #@#..#
........# #D#..#
.....##.# #.#..#
.≈...##.# #.#...
.....##.###### #.#.##
≈≈≈..##......# #.#.#
..≈..##†########.#.#
........# #.......#
.....##.# #.###.###


You could see an ice dragon.

Vanquished Creatures
  A yaktaur captain (D:13)
  Josephine (D:11)
  A hydra (D:8)
  4 two-headed ogres
  A centaur warrior (D:13)
  A tengu warrior (D:13)
  An unseen horror (D:12)
  Pikel (D:4)
  A cyclops (D:11)
  7 ugly things
  A spiny frog (shapeshifter) (D:13)
  The ghost of Kloppie the Spear-Bearer, a novice MfGl (D:4)
  A centaur skeleton (D:12)
  A tengu conjurer (D:13)
  2 trolls
  Grinder (D:6)
  A hornet (D:10)
  2 dream sheep (D:8)
  A hippogriff (D:12)
  A shadow (D:12)
  A wraith (D:11)
  23 yaks
  2 wyverns
  A steam dragon (D:11)
  4 vampire mosquitoes
  A porcupine (D:11)
  2 water moccasins
  Duvessa (D:6)
  Purgy (Sewer)
  2 sky beasts
  An eye of draining (D:10)
  10 orc warriors
  A black bear (D:7)
  5 phantoms
  6 ogres
  4 centaurs
  A crocodile (D:11)
  Blork the orc (D:6)
  2 bullfrogs
  6 big kobolds
  A gnoll sergeant (D:6)
  Dowan (D:6)
  A scorpion (D:11)
  14 killer bees
  4 wights
  3 bullfrog zombies (D:11)
  4 howler monkeys
  5 crimson imps
  2 quasits
  2 centaur zombies (D:5)
  9 hounds
  2 bullfrog skeletons (D:13)
  2 jellies
  9 orc priests
  Natasha (thrice) (D:4 D:7)
  6 iguanas
  7 orc wizards
  8 worker ants
  2 hound zombies
  A hound skeleton (D:10)
  Robin (D:2)
  3 gnolls (D:6)
  A howler monkey skeleton (D:8)
  13 adders
  3 shadow imps
  A white imp (D:4)
  An adder zombie (D:8)
  2 adder skeletons
  3 worms
  5 dart slugs
  4 leopard geckos
  28 orcs
  5 giant cockroaches
  12 goblins
  13 hobgoblins
  10 jackals
  18 kobolds
  3 quokkas
  2 ball pythons
  13 bats
  5 frilled lizards
  5 rats
343 creatures vanquished.

Vanquished Creatures (collateral kills)
  Fannar (D:10)
  Urug (D:11)
  A troll (D:10)
  A vampire (D:11)
  3 wraiths (D:10)
  An ogre (D:10)
  A bullfrog (D:10)
9 creatures vanquished.

Vanquished Creatures (others)
  A slave (D:4)
  A howler monkey (D:4)
  An orc wizard (D:9)
  An adder (D:2)
  3 leopard geckos (D:4)
  2 giant cockroaches (D:4)
  A frilled lizard (D:2)
  3 fungi (D:11)
13 creatures vanquished.

Grand Total: 365 creatures vanquished

Notes
Turn   | Place    | Note
-------+----------+-------------------------------------------
     0 | D:1      | Nattfarinn the Gargoyle Berserker began the quest for the Orb.
     0 | D:1      | Reached XP level 1. HP: 14/14 MP: 1/1
    95 | D:1      | Reached XP level 2. HP: 19/19 MP: 2/2
   317 | D:1      | Reached XP level 3. HP: 22/24 MP: 3/3
   468 | D:1      | Reached ** piety under Trog
   871 | D:2      | Found a radiant altar of Vehumet.
   944 | D:2      | Found a faded altar of an unknown god.
   988 | D:2      | Reached XP level 4. HP: 24/29 MP: 4/4
  1056 | D:2      | Noticed Robin
  1106 | D:2      | Killed Robin
  1540 | D:2      | Found a deep blue altar of Sif Muna.
  1736 | D:3      | Reached *** piety under Trog
  1801 | D:3      | Reached XP level 5. HP: 33/34 MP: 5/5
  2187 | D:4      | Found a blossoming altar of Fedhas.
  2239 | D:4      | Noticed a slave
  2240 | D:4      | Noticed Pikel
  2241 | D:4      | Noticed a slave
  2242 | D:4      | Noticed a slave
  2243 | D:4      | Noticed a slave
  2256 | D:4      | Killed Pikel
  2256 | D:4      | Reached skill level 5 in Fighting
  2256 | D:4      | Reached skill level 5 in Maces & Flails
  2256 | D:4      | Reached skill level 5 in Armour
  2256 | D:4      | Reached XP level 6. HP: 41/41 MP: 6/6
  2256 | D:4      | Reached XP level 7. HP: 45/45 MP: 7/7
  2387 | D:4      | Noticed Kloppie's ghost (novice MfGl)
  2404 | D:4      | Killed Kloppie's ghost
  2404 | D:4      | Reached XP level 8. HP: 45/51 MP: 8/8
  2425 | D:4      | Noticed Natasha
  2441 | D:4      | Killed Natasha
  2687 | D:4      | Found a glowing drain.
  2697 | Sewer    | Entered a sewer
  2894 | Sewer    | Noticed Purgy
  2905 | Sewer    | Killed Purgy
  3091 | D:4      | Found a hazy altar of Hepliaklqana.
  3401 | D:5      | Entered Level 5 of the Dungeon
  3413 | D:5      | Reached **** piety under Trog
  3558 | D:5      | Found a staircase to the Ecumenical Temple.
  4664 | D:6      | Reached XP level 9. HP: 52/57 MP: 9/9
  4683 | D:6      | Reached skill level 1 in Shields
  4894 | D:6      | Noticed Dowan
  4896 | D:6      | Noticed Duvessa
  4906 | D:6      | Killed Duvessa
  4911 | D:6      | Killed Dowan
  5013 | D:6      | Noticed Grinder
  5026 | D:6      | Killed Grinder
  5289 | D:6      | Noticed Blork the orc
  5301 | D:6      | Killed Blork the orc
  5328 | D:6      | Reached ***** piety under Trog
  5948 | D:7      | Reached XP level 10. HP: 39/65 MP: 10/10
  6917 | D:7      | Noticed Natasha
  6931 | D:7      | Killed Natasha
  7096 | D:7      | Noticed Natasha
  7110 | D:7      | Killed Natasha
  7459 | D:8      | Reached skill level 5 in Shields
  7530 | D:8      | Noticed a two-headed hydra
  7547 | D:8      | Killed a two-headed hydra
  7615 | D:8      | Found a burning altar of Makhleb.
  7920 | D:8      | Found Tauves's Gadget Boutique.
  8575 | D:9      | Found a shattered altar of Ashenzari.
  8575 | D:9      | Found a sparkling altar of Nemelex Xobeh.
  8580 | D:9      | Found a hide-covered altar of Uskayaw.
  8583 | D:9      | Found a stormy altar of Qazlal.
  8585 | D:9      | Found an iron altar of Okawaru.
  9002 | D:9      | Received a gift from Trog
  9002 | D:9      | Reached XP level 11. HP: 72/72 MP: 11/11
  9040 | D:9      | Reached skill level 10 in Fighting
  9040 | D:9      | Reached skill level 10 in Maces & Flails
  9245 | D:10     | Entered Level 10 of the Dungeon
  9308 | D:10     | Found a shimmering altar of Xom.
  9848 | D:10     | Found Axoitel's Book Boutique.
  9951 | D:10     | Got a wavering amethyst amulet
 10585 | D:11     | Found a staircase to the Lair.
 10617 | D:11     | Noticed Fannar
 11350 | D:10     | Killed Fannar
 11623 | D:11     | Noticed Josephine
 11648 | D:11     | Killed Josephine
 11882 | D:11     | Noticed Urug
 12322 | D:11     | Reached skill level 10 in Armour
 12336 | D:11     | Reached skill level 10 in Shields
 12443 | D:11     | Noticed a cyclops
 12461 | D:11     | Killed Urug
 12461 | D:11     | Reached XP level 12. HP: 69/79 MP: 12/12
 12603 | D:11     | Noticed a two-headed ogre
 12636 | D:11     | Killed a two-headed ogre
 13154 | D:11     | Found Eloruob's Assorted Antiques.
 13175 | D:11     | Identified the amulet "Famadoiseud" {Gourm Int+4} (You found it on level 10 of the Dungeon)
 13245 | D:11     | Found a staircase to the Orcish Mines.
 13462 | D:12     | Reached skill level 1 in Polearms
 13719 | D:12     | Noticed a two-headed ogre
 13735 | D:12     | Killed a two-headed ogre
 14407 | D:13     | Reached skill level 5 in Polearms
 14510 | D:13     | Noticed a tengu warrior
 14521 | D:13     | Killed a tengu warrior
 14907 | D:13     | Noticed a two-headed ogre
 14921 | D:13     | Killed a two-headed ogre
 15169 | D:13     | Noticed a yaktaur captain
 15180 | D:13     | Killed a yaktaur captain
 15180 | D:13     | Reached XP level 13. HP: 33/85 MP: 13/13
 15409 | D:13     | Noticed an ice dragon
 15733 | D:13     | HP: 3/85 [ice dragon (10)]
 15734 | D:13     | Slain by an ice dragon

Skill      XL: |  1  2  3  4  5  6  7  8  9 10 11 12 13 |
---------------+----------------------------------------+-----
Fighting       | 4 5 6 7 8 9 10 11 | 11.9
Armour         | 3 5 7 8 9 10 | 10.6
Maces & Flails | 4 5 6 7 8 9 10 | 10.6
Shields        | 3 6 10 11 | 11.2
Polearms       | 6 7 |  7.9
Dodging        | |  1.5

Action                   |  1- 3 |  4- 6 |  7- 9 | 10-12 | 13-15 || total
-------------------------+-------+-------+-------+-------+-------++-------
Melee: Mace              |   172 |   165 |       |       |       ||   337
       Whip              |       |       |   480 |  1197 |       ||  1677
       Demon trident     |       |       |       |   217 |    53 ||   270
Invok: Berserk           |       |     2 |     6 |    12 |       ||    20
       Burn Spellbooks   |       |       |     3 |     2 |     1 ||     6
       Brothers in Arms  |       |       |       |     5 |       ||     5
       Trog's Hand       |       |       |       |     1 |       ||     1
  Use: Potion            |       |     3 |       |     6 |     4 ||    13
       Scroll            |       |       |     2 |     4 |     3 ||     9
 Stab: Invisible         |       |     1 |       |       |       ||     1
  Eat: Chunk             |       |     3 |    18 |    47 |       ||    68
       Royal jelly       |       |     1 |       |     2 |       ||     3
       Fruit             |       |       |     2 |     1 |       ||     3
Armor: Animal skin       |     4 |       |       |       |       ||     4
       Scale mail        |   144 |   140 |   189 |   671 |    31 ||  1175
Dodge: Dodged            |   147 |   120 |   176 |   499 |    19 ||   961
Block: Shield            |       |       |    91 |   701 |    32 ||   824
